 Dungeon Crawl Stone Soup version 0.29.1-2-gbd0b4ee654 (webtiles) character file.

Game seed: 14103607514813167178

29 kingsuperguy the Cudgeller (level 3, 0/36 HPs)
             Began as a Troll Monk on Nov 15, 2022.
             Slain by Crazy Yiuf
             ... wielding a +3 quarterstaff of chaos
              (8 damage)
             ... on level 3 of the Dungeon.
             The game lasted 00:05:54 (1721 turns).

kingsuperguy the Cudgeller (Troll Monk)             Turns: 1721, Time: 00:05:55

Health: 0/36       AC:  4    Str: 21    XL:     3   Next: 1%
Magic:  2/2        EV: 10    Int:  6    God:
Gold:   27         SH:  0    Dex: 12    Spells: 2/2 levels left

rFire   . . .      SeeInvis .   f - +3 scimitar
rCold   . . .      Faith    .   (no shield)
rNeg    . . .      Spirit   .   b - +0 robe
rPois   .          Reflect  .   (helmet restricted)
rElec   .          Harm     .   (no cloak)
rCorr   .          Rampage  .   (gloves unavailable)
Will    .....                   (boots unavailable)
Stlth   ++........              (no amulet)
HPRegen 0.92/turn               (no ring)
MPRegen 0.08/turn               (no ring)

@: mighty, lethally poisoned (0 -> -2)
A: large, unfitting armour, claws 3, regeneration 1, shaggy fur 1, tough skin 1
a: no special abilities


You were on level 3 of the Dungeon.
You visited 1 branch of the dungeon, and saw 3 of its levels.

You collected 117 gold pieces.
You spent 90 gold pieces at shops.

Inventory:

Hand Weapons
 a - a +0 mace
 f - a +3 scimitar (weapon)
 g - a +2 hammer of holy wrath
 m - a +0 falchion
 q - a +0 war axe
 r - a +0 hammer
Missiles
 h - 20 stones (quivered)
 j - 2 poisoned darts
Armour
 b - a +0 robe (worn)
Scrolls
 d - a scroll of immolation
 e - a scroll of blinking {unknown}
 n - a scroll of fear {unknown}
 o - a scroll of teleportation {unknown}
Potions
 c - a potion of ambrosia
 i - a potion of lignification {unknown}
 k - a potion of haste {unknown}
 p - a potion of invisibility {unknown}


   Skills:
 + Level 2.6 Fighting
 * Level 1.1 Long Blades
 - Level 2.7 Maces & Flails
 + Level 2.6 Dodging
 + Level 1.1 Stealth
 * Level 0.3 Spellcasting


You had 2 spell levels left.
You didn't know any spells.
Your spell library contained the following spells:

 Spells                   Type           Power      Damage    Failure   Level
 Gell's Gravitas          Tloc           0%         N/A       82%         3
 Lesser Beckoning         Tloc           0%         N/A       82%         3
 Teleport Other           Tloc           0%         N/A       82%         3


Dungeon Overview and Level Annotations

Branches:
Dungeon (3/15)

Altars:

Shops:
D:3 *

Annotations:
D:2 Sigmund
D:3 Crazy Yiuf


Innate Abilities, Weirdness & Mutations

You are too large for most types of armour.
You have claws for hands.
Your natural rate of healing is unusually fast.
You are covered in fur. (AC +1)
You have tough skin. (AC +1)


Message History

The fungus is lightly damaged.
You hit the fungus but do no damage.
The fungus is lightly damaged.
You slash the fungus!
The fungus is lightly damaged.
You slash the fungus!
The fungus is lightly damaged.
A nearby fungus withers and dies.
You see here a +2 hammer of holy wrath.
g - a +2 hammer of holy wrath You see here a +0 hammer.
r - a +0 hammer
Found two hammers.
Found a runed translucent door.
Crazy Yiuf shouts!
You open the door.
Crazy Yiuf laughs, "Scoff green ladder!"
Crazy Yiuf hits you but does no damage.
You are poisoned.
There is an open translucent door here.
You hit Crazy Yiuf.
Crazy Yiuf is moderately wounded.
You feel very sick.
Crazy Yiuf hits you with a +3 quarterstaff of chaos! x2
* * * LOW HITPOINT WARNING * * *
You feel very mighty all of a sudden.
You closely miss Crazy Yiuf.
Crazy Yiuf is moderately wounded.
You feel sick. Crazy Yiuf closely misses you.
Okay, then.
Okay, then.
As you read the scroll labelled DEHUFA NOLL, it crumbles to dust.
The creatures around you are filled with an inner flame!
It was a scroll of immolation.
You feel sick.
Crazy Yiuf hits you with a +3 quarterstaff of chaos.
* * * LOW HITPOINT WARNING * * *
As you read the scroll labelled WUAH OLAARR, it crumbles to dust.
You hear the tinkle of a tiny bell.
It was a scroll of butterflies.
You feel sick.
Crazy Yiuf hits you with a +3 quarterstaff of chaos!
You die...

.# .# .# .# .# ####
.# #..#######
.####.#..P.#.### ####
............#.b##bb.#
...##.....P####b@gb.#
..####...P## ###bb)#
.## ###### #### .# .#
'# .. ... ....


You could see Crazy Yiuf (inner flame, ally target).

Vanquished Creatures
  A dart slug (D:1)
  3 ball pythons (D:1)
  A bat (D:1)
  3 endoplasms
  A giant cockroach (D:1)
  4 goblins
  A hobgoblin (D:2)
  3 kobolds (D:2)
  A quokka (D:1)
  3 frilled lizards
  3 rats
  A bush (D:3)
25 creatures vanquished.

Vanquished Creatures (others)
  A fungus (D:3)
1 creature vanquished.

Grand Total: 26 creatures vanquished

Notes
Turn   | Place    | Note
-------+----------+-------------------------------------------
     0 | D:1      | kingsuperguy the Troll Monk began the quest for the Orb.
     0 | D:1      | Reached XP level 1. HP: 22/22 MP: 0/0
   193 | D:1      | Reached XP level 2. HP: 29/29 MP: 1/1
   928 | D:2      | Noticed Sigmund
  1161 | D:2      | Reached skill level 1 in Long Blades
  1591 | D:3      | Reached XP level 3. HP: 36/36 MP: 2/2
  1618 | D:3      | Found Xocoat's General Store.
  1625 | D:3      | Bought a scroll of enchant weapon for 90 gold pieces
  1712 | D:3      | Found a runed translucent door.
  1713 | D:3      | Noticed Crazy Yiuf
  1721 | D:3      | Slain by Crazy Yiuf

Illustrated notes

Levels and vault maps discovered:
D:1:      kennysheep_arrival_seaside, layout_loops_ring, serial_bayou_ford_a,
          minmay_misc_feat_five
D:2:      layout_loops_cross, uniq_sigmund
D:3:      layout_loops_corners, shapermc_ecumenical_altar_petra, serial_shops,
          shop, corexii_shack, lightli_corner_chamber, uniq_grinder,
          uniq_crazy_yiuf_cottage, uniq_terence

Skill      XL: |  1  2 |
---------------+-------+-----
Long Blades    | 1 |  1.1
Fighting       | |  2.6
Maces & Flails | |  2.7
Dodging        | |  2.6
Stealth        | |  1.1
Spellcasting   | |  0.3

Action                   || total
-------------------------++-------
Melee: Scimitar          ||   117
       Mace              ||     4
       Punch             ||     1
  Use: Scroll            ||     5
 Stab: Sleeping          ||     3
Armor: Robe              ||    23
Dodge: Dodged            ||    49
